 Dungeon Crawl Stone Soup version 0.32-a0-12-g7fc57aa741 (webtiles) character file.

Game seed: 15483133103595585615

172 Inarius the Ducker (level 5, -2/36 HPs)
             Began as an Octopode Fighter on Jan 14, 2024.
             Incinerated by a bombardier beetle (3 damage)
             ... with a burning spray
             ... on level 2 of the Dungeon.
             The game lasted 00:01:58 (1708 turns).

Inarius the Ducker (Octopode Fighter)               Turns: 1708, Time: 00:01:58

Health: -2/36      AC:  1    Str: 18    XL:     5   Next: 53%
Magic:  5/5        EV: 13    Int: 16    God:
Gold:   72         SH:  4    Dex: 11    Spells: 4/4 levels left

rFire   . . .        a - +0 war axe
rCold   . . .        b - +0 buckler
rNeg    . . .        (helmet restricted)
rPois   .            h - amulet of the acrobat
rElec   .            j - +4 ring of slaying
rCorr   .            p - +6 ring of intelligence
SInv    .            (no ring)
Will    .....        (no ring)
Stlth   ++           (no ring)
HPRegen 0.26/turn    (no ring)
MPRegen 0.09/turn    (no ring)
                     (no ring)

%: acrobat
@: on fire, glowing
A: almost no armour, amphibious, 8 rings, camouflage 1, gelatinous body 1,
(nimble swimmer 1), tentacles
a: no special abilities


You were on level 2 of the Dungeon.
You visited 1 branch of the dungeon, and saw 3 of its levels.

You collected 114 gold pieces.
You spent 42 gold pieces at shops.

Inventory:

Hand Weapons
 a - a +0 war axe (weapon)
Armour
 b - a +0 buckler (worn)
Jewellery
 h - an amulet of the acrobat (around mantle)
 j - a +4 ring of slaying (left tentacle)
 p - a +6 ring of intelligence (right tentacle)
Scrolls
 d - a scroll of teleportation {unknown}
 e - a scroll of amnesia {unknown}
 g - a scroll of brand weapon {unknown}
 k - a scroll of enchant weapon {unknown}
 q - a scroll of enchant armour {unknown}
 s - 2 scrolls of revelation {unknown}
Potions
 c - a potion of might
 f - a potion of magic {unknown}
 i - a potion of haste {unknown}
 l - 3 potions of brilliance {unknown}
 m - 2 potions of heal wounds {unknown}
 n - 2 potions of lignification {unknown}
 o - a potion of curing
 r - a potion of resistance {unknown}


   Skills:
 + Level 3.6 Fighting
 + Level 3.5 Axes
 + Level 3.6 Dodging
 + Level 3.0 Stealth
 + Level 3.6 Shields


You had 4 spell levels left.
You didn't know any spells.
Your spell library contained the following spells:

 Spells                   Type           Power      Damage    Failure   Level
 Apportation              Tloc           0%         N/A       32%         1
 Necrotise                Necr           0%         1d4       32%         1
 Sting                    Conj/Alch      0%         1d3       32%         1
 Summon Small Mammal      Summ           0%         N/A       32%         1
 Mercury Vapours          Alch/Air       0%         N/A       43%         2
 Hailstorm                Conj/Ice       0%         3d5       67%         3
 Mephitic Cloud           Conj/Alch/Air  0%         N/A       67%         3
 Summon Ice Beast         Ice/Summ       0%         N/A       67%         3
 Olgreb's Toxic Radiance  Alch           0%         N/A       97%         4
 Freezing Cloud           Conj/Ice/Air   0%         6-21      100%        5
 Sculpt Simulacrum        Ice/Alch       0%         N/A       100%        6


Dungeon Overview and Level Annotations

Branches:
Dungeon (3/15)

Altars:

Shops:
D:2 :*!!

Annotations:
D:3 1 transporter


Innate Abilities, Weirdness & Mutations

You cannot wear most types of armour.
You are amphibious.
You can wear up to eight rings at the same time.
Your skin changes colour to match your surroundings (Stealth+).
Your rubbery body absorbs attacks. (AC +1, EV +1)
((You are camouflaged when in or above water. (Stealth+)))
You have tentacles for arms and can constrict up to eight enemies at once.


Message History

You closely miss the bombardier beetle.
The bombardier beetle sprays incendiary fluid at you.
The burning spray hits you.
You are covered in liquid fire!
You barely miss the bombardier beetle. Your grab misses the bombardier beetle.
You squeeze the bombardier beetle.
The bombardier beetle is lightly wounded.
The liquid fire burns you!
The bombardier beetle sprays incendiary fluid at you.
The burning spray hits you.
You are even more covered in liquid fire!
You barely miss the bombardier beetle. You grab the bombardier beetle.
You squeeze the bombardier beetle.
The bombardier beetle is moderately wounded.
The liquid fire burns you!
You constrict the bombardier beetle.
Unknown command.
You hit the bombardier beetle.
The bombardier beetle is moderately wounded.
The liquid fire burns you!
You constrict the bombardier beetle. The bombardier beetle bites you.
You slash the bombardier beetle!
You kill the bombardier beetle!
The liquid fire burns you!
Your Stealth skill increases to level 3!
You are too injured to fight recklessly!
You are on fire!
You shake off some of the fire as you move.
The liquid fire burns you!
* * * LOW HITPOINT WARNING * * *
You shake off some of the fire as you move.
The liquid fire burns you!
* * * LOW HITPOINT WARNING * * *
There is a stone staircase leading up here.
The liquid fire burns you!
* * * LOW HITPOINT WARNING * * *
You shake off some of the fire as you move.
You climb upwards.
The liquid fire burns you!
You die...

#.# #.......# ..#### ##.#####.#
.....##########...####.########
†...............⌠.⌠...........#
..##.#.########..∩..##.######.#
.........[......⌠.⌠###.######.###
..>....#####.....##..............
#.#...........>..##.#########.###
#.#..#.#####....@##.# #.###
#.#..#...........##)# #....
.....#.############.# ######.###
###.##.# #.####......... #.##.#
#.##........### #.##.#
#.##.#.####.###
#.##.############.##.#.# #....
#.##..............##.#.####.###
###.##################(#.##...#


There were no monsters in sight!

Vanquished Creatures
  A scorpion (D:3)
  A bombardier beetle (D:3)
  2 gnolls (D:2)
  3 adders
  A dart slug (D:3)
  A ribbon worm (D:2)
  An endoplasm (D:2)
  2 giant cockroaches
  4 goblins (D:2)
  A hobgoblin (D:1)
  3 jackals (D:1)
  A quokka (D:2)
  3 ball pythons
  4 bats
  4 frilled lizards
  2 rats (D:2)
34 creatures vanquished.

Notes
Turn   | Place    | Note
-------+----------+-------------------------------------------
     0 | D:1      | Inarius the Octopode Fighter began the quest for the Orb.
     0 | D:1      | Reached XP level 1. HP: 16/16 MP: 1/1
   385 | D:1      | Reached XP level 2. HP: 6/21 MP: 2/2
   516 | D:1      | Found a faded altar of an unknown god.
  1031 | D:2      | Found Veisyapt's Distillery.
  1043 | D:2      | Found Hidu's Assorted Antiques.
  1068 | D:2      | Bought a potion of curing for 30 gold pieces
  1117 | D:2      | Found Zexia's Book Boutique.
  1124 | D:2      | Reached skill level 1 in Stealth
  1167 | D:2      | Reached XP level 3. HP: 23/26 MP: 3/3
  1356 | D:2      | Reached XP level 4. HP: 31/31 MP: 4/4
  1531 | D:2      | Found Saun Mif's Distillery.
  1535 | D:2      | Bought a potion of degeneration for 12 gold pieces
  1651 | D:3      | Noticed a scorpion
  1654 | D:3      | Killed a scorpion
  1655 | D:3      | Reached XP level 5. HP: 34/36 MP: 5/5
  1661 | D:3      | Found a transporter.
  1707 | D:3      | HP: 1/36 [burnt (5)]
  1708 | D:2      | Incinerated by a bombardier beetle

Illustrated notes

Levels and vault maps discovered:
D:1:      psy_arrival_terrarium, layout_loops_corners,
          hellmonk_ecumenical_altar_crossroads
D:2:      layout_loops_ring, serial_shops, nicolae_shop_window_shopping,
          nicolae_shop_overgrown_old_shop, shop, shop_fountains
D:3:      gammafunk_wand_slinger, layout_basic, uniq_terence, uniq_sigmund,
          uniq_grinder

Skill      XL: |  1  2  3  4  5 |
---------------+----------------+-----
Stealth        | 1 2 3 |  3.0
Axes           | 3 |  3.5
Fighting       | |  3.6
Dodging        | |  3.6
Shields        | |  3.6

Action                     |  1- 3 |  4- 6 || total
---------------------------+-------+-------++-------
  Melee: War axe           |    42 |    13 ||    55
         Constrict         |    12 |     5 ||    17
         Tentacles         |     3 |     7 ||    10
         Punch             |     1 |       ||     1
   Stab: Sleeping          |     5 |     1 ||     6
 Armour: Skin              |    14 |     3 ||    17
  Dodge: Dodged            |    23 |     3 ||    26
  Block: Buckler           |     8 |     3 ||    11

Table legend: (Time is in decaauts)
 A = Elapsed time spent in this place.
 B = Non-inter-level travel time spent in this place.
 C = Inter-level travel time spent in this place.
 D = Time resting spent in this place.
 E = Time spent auto-exploring this place.
 F = Levels seen in this place.
 G = Mean time per level.
                   A        B        C        D        E       F      G
               +--------+--------+--------+--------+--------+-----+--------+
         Total |   1729 |   1689 |     40 |     96 |   1338 |   3 |  576.3 |
       Dungeon |   1729 |   1689 |     40 |     96 |   1338 |   3 |  576.3 |
               +--------+--------+--------+--------+--------+-----+--------+

Top non-repeatable levels by time:
     D:1: 912 daAuts
     D:2: 755 daAuts
     D:3: 61 daAuts
